AoeStats
← Element

African Clearing

505187705Analyzed
4v4 RM · 24d ago on Sep 8, 2026· 46m 36s· 8 players
Game mode
Random Map
Map size
Large (8 player)
Population
200
Speed
Normal
Resources
Standard
Victory
Conquest
Starting age
Dark Age
Ending age
Imperial Age
RankedLock teamsTeams togetherTeam positionsShared explorationLock speedFull tech treeHidden civsTurbo modeCheats
Victory
Defeat
🇨🇳 Huns · China
1373
+18
🇨🇳 Mongols · China
1373
+18
🇨🇳 Slavs · China
1351
+18
1268
+22
🇨🇳 Celts · China
1447
-21
🇨🇳 Aztecs · China
1414
-19
🇦🇷 Huns · Argentina
1376
-18
🇦🇷 Lithuanians · Argentina
1376
-18
Element
9:47 Loom
14:07 Feudal Age
17:34 Castle Age
15:27 Double-Bit Axe
17:22 Horse Collar
18:53 Forging
26:07 Husbandry
26:28 Town Watch
29:32 Scale Barding Armor
30:02 Iron Casting
30:40 Bloodlines
31:24 Chain Barding Armor
31:11 Heavy Plow
32:14 Wheelbarrow
32:54 Bow Saw
34:29 Iron Casting
34:21 Hand Cart
40:14 Imperial Age
37:09 Light Cavalry
39:59 Town Patrol
41:34 Plate Barding Armor
40:22 Cavalier
42:49 Paladin
野象
5:06 Loom
13:31 Feudal Age
14:23 Double-Bit Axe
16:54 Forging
22:59 Castle Age
22:18 Horse Collar
24:03 Pikeman
24:59 Heavy Plow
25:11 Bow Saw
25:35 Town Watch
26:00 Gold Mining
26:03 Stone Mining
26:04 Gold Mining
36:13 Wheelbarrow
42:10 Imperial Age
42:12 Heavy Scorpion
43:34 Furor Celtica
44:08 Capped Ram
45:15 Conscription
2067
12:18 Loom
14:24 Feudal Age
15:37 Double-Bit Axe
18:28 Castle Age
17:03 Horse Collar
25:51 Elite Skirmisher
32:00 Fletching
32:14 Padded Archer Armor
35:27 Bodkin Arrow
36:38 Wheelbarrow
Vinci_PL
7:19 Loom
13:41 Feudal Age
21:07 Castle Age
20:42 Fletching
21:55 Bodkin Arrow
22:46 Padded Archer Armor
36:00 Husbandry
36:38 Ballistics
_LX_
10:48 Loom
14:05 Feudal Age
17:57 Castle Age
16:03 Double-Bit Axe
19:07 Horse Collar
27:43 Bow Saw
29:20 Fletching
31:27 Scale Barding Armor
31:30 Heavy Plow
34:07 Scale Barding Armor
34:14 Forging
35:39 Wheelbarrow
38:47 Imperial Age
37:42 Gold Mining
39:04 Chain Barding Armor
38:47 Town Watch
40:15 Iron Casting
39:02 Light Cavalry
39:43 Husbandry
41:42 Conscription
42:31 Detinets
42:52 Bodkin Arrow
45:29 Hand Cart
46:35 Gold Shaft Mining
45:50 Stone Mining
47:07 Two-Man Saw
47:31 Plate Barding Armor
M35钢盔下没有懦夫
6:46 Loom
15:11 Feudal Age
18:01 Double-Bit Axe
18:30 Gold Mining
21:27 Castle Age
19:41 Scale Barding Armor
21:06 Bloodlines
25:58 Husbandry
30:23 Wheelbarrow
31:36 Bow Saw
34:01 Town Watch
38:50 Imperial Age
36:39 Hand Cart
37:06 Gold Shaft Mining
36:22 Stone Mining
37:26 Horse Collar
38:21 Ballistics
37:57 Murder Holes
38:29 Chain Barding Armor
38:19 Forging
38:14 Squires
38:39 Masonry
39:01 Cavalier
43:50 Chemistry
43:20 Architecture
42:44 Fletching
44:13 Conscription
44:33 Plate Barding Armor
47:12 Iron Casting
46:33 Bodkin Arrow
47:00 Herbal Medicine
小鸡
8:01 Loom
12:57 Feudal Age
17:35 Castle Age
18:48 Fletching
22:56 Bodkin Arrow
22:58 Double-Bit Axe
24:46 Padded Archer Armor
26:51 Wheelbarrow
26:01 Town Watch
28:53 Ballistics
29:56 Leather Archer Armor
30:59 Gold Mining
32:56 Bloodlines
32:46 Husbandry
33:41 Bow Saw
34:05 Town Patrol
38:39 Imperial Age
36:25 Hand Cart
36:38 Horse Collar
38:42 Heavy Plow
39:02 Elite Mangudai
40:04 Conscription
41:12 Chemistry
40:43 Parthian Tactics
40:26 Bracer
43:51 Gold Shaft Mining
43:07 Stone Mining
43:45 Siege Engineers
43:12 Onager
45:43 Drill
45:45 Siege Onager
46:30 Capped Ram
seabed
11:31 Loom
13:54 Feudal Age
14:38 Double-Bit Axe
17:37 Castle Age
16:24 Fletching
18:15 Bodkin Arrow
24:05 Padded Archer Armor
27:22 Ballistics
31:12 Wheelbarrow
33:55 Husbandry
33:51 Gold Mining
34:25 Thumb Ring
35:07 Bloodlines
40:17 Imperial Age
38:26 Stone Mining
39:29 Leather Archer Armor
39:36 Bow Saw
40:12 Horse Collar
41:26 Bracer
42:28 Chemistry
41:27 Heavy Cavalry Archer
42:55 Parthian Tactics
42:47 Light Cavalry
44:14 Hand Cart
44:34 Hussar
46:05 Scale Barding Armor
Connection lost

Rejoining the realm…

Still unreachable

The connection could not be restored.

Session expired

The server has moved on; the page needs a fresh start.